 Dungeon Crawl Stone Soup version 0.27-a0-676-gc1da3516c2 (webtiles) character file.

Game seed: 1333705977776922477

0 Gildeon the Shield-Bearer (level 1, 0/14 HPs)
             Began as a Gargoyle Fighter on Mar 18, 2021.
             Slain by a goblin
             ... wielding a +0 club
              (1 damage)
             ... on level 1 of the Dungeon.
             The game lasted 00:00:35 (16 turns).

Gildeon the Shield-Bearer (Gargoyle Fighter)          Turns: 16, Time: 00:00:36

Health: 0/14       AC:  9    Str: 19    XL:     1   Next: 10%
Magic:  1/1        EV:  7    Int:  8    God:
Gold:   0          SH:  9    Dex:  9    Spells: 0/0 levels left

rFire    . . .     SeeInvis .   a - +0 flail
rCold    . . .     Faith    .   c - +0 kite shield
rNeg     + . .     Spirit   .   b - +0 scale mail
rPois    ∞         Reflect  .   (no helmet)
rElec    +         Harm     .   (no cloak)
rCorr    .         Rampage  .   (no gloves)
Will     .....                  (no boots)
Stlth    ..........             (no amulet)
HPRegen  0.04/turn              (no ring)
MPRegen  0.07/turn              (no ring)

@: no status effects
A: AC +2, negative energy resistance 1, electricity resistance, torment
resistance 1, unbreathing 1, petrification resistance
a: no special abilities


You were on level 1 of the Dungeon.
You visited 1 branch of the dungeon, and saw 1 of its levels.

Inventory:

Hand Weapons
 a - a +0 flail (weapon)
Armour
 b - a +0 scale mail (worn)
 c - a +0 kite shield (worn)
Potions
 d - a potion of might


   Skills:
 + Level 3.3 Fighting
 + Level 2.0 Maces & Flails
 + Level 3.3 Armour
 + Level 0.0 Dodging
 + Level 3.3 Shields


You couldn't memorise any spells.
You didn't know any spells.
Your spell library was empty.

Dungeon Overview and Level Annotations

Branches:
Dungeon (1/15)

Altars:


Innate Abilities, Weirdness & Mutations

Your stone body is resilient. (AC +2)
You are immune to poison.
You resist negative energy. (rN+)
You are resistant to electric shocks. (rElec)
You are resistant to unholy torment.
You can survive without breathing.
You are immune to petrification.


Message History

Welcome, Gildeon the Gargoyle Fighter.
Will you be the one to retrieve the awesome Orb of Zot from the depths?
Press ? for a list of commands and other information.
Found a scale mail.
Found an escape hatch in the floor.
Found a staircase leading out of the dungeon.
You open the door.
Found 17 stones.
Found 14 stones.
There is an open door here.
A rat and a goblin come into view.
The goblin shouts!
You hear a shout!
There is an open door here.
There is an open door here.
The goblin hits you with a +0 club.
You closely miss the rat.
The rat twitches its whiskers.
You block the rat's attack. The goblin hits you with a +0 club.
The rat bites you but does no damage.
You hit the rat.
You kill the rat!
The goblin hits you with a +0 club.
* * * LOW HITPOINT WARNING * * *
The goblin hits you with a +0 club.
* * * LOW HITPOINT WARNING * * *
The goblin hits you but does no damage.
Your shield prevents you from hitting the goblin.
A goblin comes into view.
The goblin hits you but does no damage.
You barely miss the goblin. You block the goblin's attack.
The goblin hits you with a +0 club.
You die...

..............
.............
≈≈......g.≈≈
≈≈..(..≈≈≈≈
≈....≈≈≈≈≈
#####....≈≈≈≈≈
##...##....≈≈≈≈
#.....#@...≈≈≈≈
#.><..'.g..≈≈≈≈
#.....#.....≈≈≈
##.[.##......≈≈
#####≈≈.......
≈≈≈≈.....
≈≈≈≈≈≈....
≈≈≈≈≈≈....
≈≈≈≈≈≈≈...≈


You could see 2 goblins.

Vanquished Creatures
  A rat (D:1)
1 creature vanquished.

Notes
Turn   | Place    | Note
-------+----------+-------------------------------------------
     0 | D:1      | Gildeon the Gargoyle Fighter began the quest for the Orb.
     0 | D:1      | Reached XP level 1. HP: 14/14 MP: 1/1
    16 | D:1      | Slain by a goblin

Illustrated notes

Levels and vault maps discovered:
D:1:      minmay_arrival_shoal_huts, layout_basic, serial_shops,
          nicolae_shop_crystal

Action                   || total
-------------------------++-------
Melee: Flail             ||     4
Armor: Scale mail        ||     3
Block: Kite shield       ||     2

Table legend: (Time is in decaauts)
 A = Elapsed time spent in this place.
 B = Non-inter-level travel time spent in this place.
 C = Inter-level travel time spent in this place.
 D = Time resting spent in this place.
 E = Time spent auto-exploring this place.
 F = Levels seen in this place.
 G = Mean time per level.
                   A        B        C        D        E       F      G
               +--------+--------+--------+--------+--------+-----+--------+
         Total |     17 |     17 |      0 |      0 |      4 |   1 |   17.0 |
       Dungeon |     17 |     17 |      0 |      0 |      4 |   1 |   17.0 |
               +--------+--------+--------+--------+--------+-----+--------+

Top non-repeatable levels by time:
     D:1: 17 daAuts
